AoeStats
← Rexan_

Hideout

508946849Analyzed
1v1 RM · 9d ago on Sep 24, 2026· 57m 42s· 2 players
Game mode
Random Map
Map size
Tiny (2 player)
Population
200
Speed
Normal
Resources
Standard
Victory
Conquest
Starting age
Dark Age
Ending age
Imperial Age
RankedLock teamsTeams togetherTeam positionsShared explorationLock speedFull tech treeHidden civsTurbo modeCheats
Victory
Defeat
🇬🇧 Byzantines · United Kingdom
1145
+16
🇷🇺 Celts · Russia
1150
-16
collace1
7:46 Loom
9:44 Feudal Age
10:11 Double-Bit Axe
17:05 Castle Age
17:08 Loom
18:43 Bow Saw
20:13 Fletching
22:00 Guard Tower
27:27 Elite Skirmisher
28:04 Bodkin Arrow
30:49 Padded Archer Armor
38:21 Imperial Age
36:21 Scale Barding Armor
37:30 Chain Barding Armor
39:41 Plate Barding Armor
40:02 Forging
40:41 Wheelbarrow
43:31 Bracer
46:14 Ballistics
48:02 Chemistry
47:51 Iron Casting
48:26 Gold Mining
48:26 Stone Mining
48:09 Elite Cataphract
50:50 Conscription
50:52 Leather Archer Armor
52:57 Logistica
54:06 Ring Archer Armor
Rexan_
10:25 Feudal Age
14:39 Castle Age
14:00 Fletching
14:11 Double-Bit Axe
15:46 Crossbowman
17:26 Bodkin Arrow
20:06 Town Watch
20:23 Pikeman
30:36 Wheelbarrow
31:16 Bow Saw
31:07 Loom
34:02 Stone Mining
34:19 Horse Collar
35:37 Hand Cart
37:21 Scale Mail Armor
37:31 Forging
41:38 Imperial Age
39:37 Chain Mail Armor
39:57 Iron Casting
42:03 Ballistics
41:50 Gold Mining
41:50 Halberdier
43:01 Plate Mail Armor
43:32 Blast Furnace
44:48 Elite Woad Raider
47:34 Furor Celtica
46:50 Capped Ram
48:01 Siege Ram
49:39 Conscription
50:40 Conscription
50:35 Heavy Plow
50:37 Onager
54:33 Siege Engineers
Connection lost

Rejoining the realm…

Still unreachable

The connection could not be restored.

Session expired

The server has moved on; the page needs a fresh start.